AoeStats
← LittleCaesar

Arabia

510461415Analyzed
1v1 RM · 1d ago on Oct 1, 2026· 25m 6s· 2 players
Game mode
Random Map
Map size
Tiny (2 player)
Population
200
Speed
Normal
Resources
Standard
Victory
Conquest
Starting age
Dark Age
Ending age
Imperial Age
RankedLock teamsTeams togetherTeam positionsShared explorationLock speedFull tech treeHidden civsTurbo modeCheats
Victory
Defeat
🇨🇴 Magyars · Colombia
1302
+18
🇦🇺 Magyars · Australia
1340
-18
ajacbz
3:38 Loom
9:20 Feudal Age
9:53 Double-Bit Axe
10:54 Horse Collar
20:08 Castle Age
18:41 Gold Mining
19:29 Scale Barding Armor
19:35 Bloodlines
21:18 Bow Saw
26:14 Wheelbarrow
LittleCaesar
6:28 Loom
9:17 Feudal Age
9:46 Double-Bit Axe
21:26 Castle Age
19:09 Horse Collar
19:38 Gold Mining
21:06 Scale Barding Armor
21:13 Bloodlines
22:25 Bow Saw
Connection lost

Rejoining the realm…

Still unreachable

The connection could not be restored.

Session expired

The server has moved on; the page needs a fresh start.